Map: Blueshift LE

Players

Neeb

  • Race: Protoss Protoss
  • League: Master
  • Spawn Location: 1:00

llllllllllll (sOs) - Winner!

  • Race: Protoss Protoss
  • League: Master
  • Spawn Location: 7:00

Event: IEM Season 13 - Katowice Server Qualifiers America

VOD

Have the link to the VOD?

Description

Time

  • Played on: Jan. 6, 2019, 5:23 p.m.
  • Length: 11:25

All games in this series

Show
View Real Time Build Order
Export as new Build Order

Neeb Protoss 

Build Orders: Phoenix Opening, Mass Phoenix 

Get SALT Encoding   

  12  0:00  Probe  
  13  0:12  Probe  
  14  0:17  Pylon  
  14  0:23  Probe  
  15  0:32  Probe  
  15  0:39  Gateway  
  15  0:40  Probe  
  16  0:46  Assimilator  
  17  0:51  Probe  
  17  0:55  Assimilator  
  18  0:59  Probe  
  19  1:07  Probe  
  19  1:08  Gateway  
  20  1:17  Probe  
  21  1:26  Cybernetics Core  
  21  1:29  Probe  
  22  1:35  Pylon  
  22  1:41  Probe  
  23  1:53  Probe  
  24  2:04  Sentry, Warp Gate, Stalker  
  24  2:05  Probe  
  29  2:09  Pylon  
  29  2:22  Pylon  
  29  2:30  Stargate  
  29  2:39  Shield Battery  
  29  2:48  Stalker x2  
  33  2:55  Shield Battery  
  33  3:01  Probe  
  33  3:19  Nexus  
  33  3:21  Phoenix  
  33  3:25  Shield Battery  
  33  3:29  Probe  
  36  3:41  Shield Battery  
  36  3:46  Phoenix  
  39  3:51  Pylon  
  39  3:52  Probe  
  39  4:04  Phoenix  
  39  4:09  Probe  
  40  4:13  Assimilator  
  42  4:21  Probe  
  42  4:22  Pylon  
  42  4:24  Phoenix  
  43  4:30  Phoenix  
  45  4:33  Probe  
  45  4:36  Stargate  
  46  4:40  Probe  
  47  4:45  Probe, Phoenix  
  47  4:48  Probe  
  51  4:57  Probe  
  51  4:58  Probe  
  52  5:04  Pylon  
  53  5:09  Probe  
  53  5:10  Probe, Phoenix  
  57  5:15  Assimilator  
  57  5:17  Phoenix  
  57  5:21  Probe  
  57  5:23  Probe  
  61  5:35  Probe, Phoenix x2  
  64  5:43  Zealot  
  64  5:45  Zealot  
  64  5:49  Probe  
  71  5:50  Probe  
  71  5:54  Phoenix  
  72  6:00  Phoenix  
  76  6:08  Stalker  
  76  6:12  Stalker  
  78  6:26  Phoenix  
  78  6:28  Probe x2  
  74  6:33  Phoenix  
  66  6:41  Probe  
  66  6:43  Probe  
  68  6:51  Phoenix  
  70  6:58  Phoenix  
  70  6:59  Stalker  
  74  7:06  Nexus  
  74  7:07  Pylon  
  74  7:12  Nexus  
  74  7:14  Fleet Beacon  
  74  7:18  Phoenix  
  76  7:28  Pylon  
  76  7:29  Phoenix, Pylon  
  78  7:33  Pylon  
  78  7:36  Shield Battery  
  78  7:43  Probe x2  
  80  7:49  Stalker x2  
  78  7:51  Anion Pulse-Crystals  
  78  7:54  Phoenix  
  78  7:57  Phoenix  
  78  8:12  Probe  
  78  8:16  Phoenix  
  78  8:18  Probe  
  74  8:23  Phoenix  
  74  8:24  Probe  
  77  8:30  Probe  
  80  8:38  Phoenix  
  80  8:41  Phoenix  
  80  8:42  Pylon  
  80  8:46  Nexus  
  84  8:55  Pylon  
  84  9:03  Twilight Council  
  84  9:04  Phoenix  
  84  9:09  Probe x2  
  88  9:19  Phoenix  
  88  9:23  Pylon  
  90  9:35  Probe x2, Assimilator  
  90  9:37  Assimilator  
  94  9:41  Dark Shrine, Gateway  
  94  9:42  Phoenix  
  94  9:48  Phoenix  
  96  9:53  Probe  
  96  9:56  Probe  
  96  9:59  Phoenix  
  98  10:05  Phoenix  
  98  10:09  Probe x3  
  98  10:11  Shield Battery  
  105  10:16  Phoenix  
  103  10:22  Phoenix  
  103  10:24  Probe x2  
  103  10:27  Probe  
  110  10:37  Phoenix  
  110  10:40  Zealot x3  
  118  10:46  Phoenix  
  120  11:00  Dark Templar x2  
  120  11:03  Dark Templar  
Show
View Real Time Build Order
Export as new Build Order

llllllllllll Protoss - Winner!

Build Orders: Phoenix Opening, Mass Phoenix 

Get SALT Encoding   

  12  0:00  Probe  
  13  0:12  Probe  
  14  0:17  Pylon  
  14  0:25  Probe  
  15  0:33  Probe  
  15  0:35  Gateway  
  15  0:41  Probe  
  16  0:46  Assimilator  
  17  0:51  Probe  
  17  0:55  Assimilator  
  18  0:59  Probe  
  19  1:06  Gateway  
  19  1:07  Probe  
  20  1:18  Probe  
  20  1:23  Cybernetics Core  
  21  1:30  Probe  
  21  1:32  Pylon  
  22  1:42  Probe  
  23  1:54  Probe  
  23  1:59  Adept x2  
  23  2:00  Warp Gate  
  28  2:08  Pylon  
  28  2:20  Pylon  
  28  2:26  Stalker  
  30  2:38  Stalker  
  30  2:41  Stargate  
  32  2:53  Probe  
  33  2:59  Nexus  
  33  3:10  Probe  
  34  3:20  Phoenix  
  34  3:22  Probe  
  34  3:24  Pylon  
  37  3:35  Probe  
  37  3:38  Phoenix  
  38  3:47  Probe  
  41  3:55  Phoenix  
  39  4:03  Assimilator  
  39  4:06  Probe  
  39  4:08  Assimilator  
  42  4:11  Probe  
  42  4:15  Stargate  
  43  4:19  Probe  
  43  4:23  Probe  
  45  4:25  Phoenix  
  47  4:31  Probe  
  47  4:35  Probe  
  49  4:41  Probe  
  49  4:43  Probe  
  50  4:50  Phoenix  
  50  4:51  Sentry  
  50  4:52  Probe x2  
  55  4:58  Phoenix  
  59  5:00  Pylon  
  59  5:04  Probe x2  
  61  5:18  Probe x2, Phoenix  
  65  5:25  Phoenix  
  65  5:28  Pylon  
  68  5:35  Probe  
  68  5:36  Probe  
  68  5:41  Fleet Beacon  
  69  5:47  Phoenix  
  71  5:51  Probe  
  71  5:53  Phoenix  
  74  6:02  Pylon  
  74  6:06  Shield Battery  
  74  6:12  Zealot x2  
  78  6:20  Phoenix x2  
  82  6:32  Anion Pulse-Crystals  
  70  6:33  Zealot x2  
  70  6:36  Probe x2  
  70  6:38  Phoenix x2  
  72  6:50  Shield Battery  
  72  6:54  Zealot, Stalker  
  72  6:59  Phoenix, Shield Battery  
  72  7:00  Phoenix  
  79  7:20  Phoenix  
  79  7:25  Phoenix  
  79  7:27  Nexus  
  79  7:29  Probe  
  83  7:30  Probe  
  83  7:31  Assimilator  
  83  7:33  Assimilator  
  83  7:51  Phoenix  
  83  7:53  Phoenix  
  83  7:55  Probe  
  86  8:01  Pylon  
  86  8:03  Pylon  
  86  8:04  Probe  
  85  8:19  Phoenix x2  
  87  8:20  Probe x2  
  87  8:24  Stargate  
  89  8:34  Probe x2  
  89  8:36  Shield Battery  
  89  8:37  Zealot  
  89  8:39  Phoenix x2  
  91  8:45  Probe  
  91  8:46  Probe x2  
  98  8:52  Sentry  
  100  8:56  Shield Battery  
  100  8:59  Pylon  
  100  9:00  Phoenix  
  100  9:02  Phoenix x2  
  106  9:11  Shield Battery  
  106  9:13  Stalker  
  106  9:15  Zealot  
  110  9:19  Pylon  
  110  9:21  Phoenix  
  110  9:22  Forge  
  110  9:23  Phoenix x2  
  110  9:30  Pylon  
  116  9:44  Phoenix  
  116  9:47  Phoenix  
  116  9:48  Phoenix  
  116  9:52  Zealot x2, Pylon  
  126  10:00  Probe, Photon Cannon  
  127  10:09  Phoenix  
  129  10:16  Phoenix  
  129  10:17  Phoenix  
  129  10:20  Zealot, Stalker  
  137  10:29  Phoenix  
  137  10:31  Photon Cannon  
  137  10:32  Phoenix  
  137  10:37  Phoenix  
  143  10:49  Pylon  
  143  10:52  Phoenix  
  143  10:55  Zealot x2  
  149  10:58  Photon Cannon  
  149  11:01  Pylon  
  149  11:03  Pylon  

Tags
 
Add a new tag
Caveats
  • Supply blocks, unpowered buildings, or Contaminate may cause inaccurate times.
  • Supply counts are checked every 10 seconds.